 Dungeon Crawl Stone Soup version 0.31-a0-1522-g43313d8a59 (webtiles) character file.

Game seed: 3604032058991984146

7 AstroCodex24 the Trooper (level 1, 0/18 HPs)
             Began as a Demigod Fighter on Dec 30, 2023.
             Slain by a hobgoblin (5 damage)
             ... led by Robin
             ... on level 2 of the Dungeon.
             The game lasted 00:00:22 (66 turns).

AstroCodex24 the Trooper (Demigod Fighter)            Turns: 66, Time: 00:00:24

Health: 0/18       AC:  6    Str: 17    XL:     1   Next: 73%
Magic:  3/3        EV:  9    Int: 10    God:
Gold:   0          SH:  4    Dex: 13    Spells: 0/0 levels left

rFire   . . .        a - +0 war axe
rCold   . . .        c - +0 buckler
rNeg    . . .        b - +0 scale mail
rPois   .            (no helmet)
rElec   .            (no cloak)
rCorr   .            (no gloves)
SInv    .            (no boots)
Will    .....        (no amulet) Stlth
                     (no ring)
HPRegen 0.23/turn    (no ring)
MPRegen 0.08/turn

%: no passive effects
@: no status effects
A: high MP 1, forlorn, divine attributes
a: no special abilities


You were on level 2 of the Dungeon.
You visited 1 branch of the dungeon, and saw 2 of its levels.

Inventory:

Hand Weapons
 a - a +0 war axe (weapon)
Armour
 b - a +0 scale mail (worn)
 c - a +0 buckler (worn)
Scrolls
 e - a scroll of acquirement {unknown}
Potions
 d - a potion of might


   Skills:
 + Level 2.9 Fighting
 + Level 1.8 Axes
 + Level 2.8 Armour
 + Level 2.8 Shields


You couldn't memorise any spells.
You didn't know any spells.
Your spell library was empty.

Dungeon Overview and Level Annotations

Branches:
Dungeon (2/15)


Innate Abilities, Weirdness & Mutations

You have an increased reservoir of magic. (+10% MP)
You shall have no god before yourself.
Your divine heritage dramatically boosts your attributes as you level up.


Message History

You barely miss the goblin.
Robin roars a battlecry!
The goblin hits you with a +0 dagger. You block the hobgoblin's attack.
The goblin hits you but does no damage. The hobgoblin closely misses you.
The goblin hits you but does no damage.
A goblin comes into view. It is wielding a +0 club.
You block the goblin's attack.
You hear a shout!
You slash the goblin!
You kill the goblin!
You barely miss the goblin. You hit the hobgoblin.
You kill the hobgoblin!
The goblin hits you but does no damage.
A goblin comes into view. It is wielding a +0 club.
The goblin shouts!
The goblin unwields a +0 dagger.
The goblin wields a +0 sling.
The goblin shoots a sling bullet.
The sling bullet closely misses you.
The goblin moves out of view.
Items here: )) ††.
You slash Robin!
Robin is heavily wounded.
Robin hits you with a +0 mace.
The goblin shoots a sling bullet.
The sling bullet barely misses you.
The sling bullet barely misses Robin.
You block Robin's attack.
The goblin shoots a sling bullet.
The sling bullet hits you but does no damage.
You hit Robin but do no damage.
Robin is heavily wounded.
You hit the hobgoblin.
A hobgoblin comes into view.
Robin hits you with a +0 mace.
* * * LOW HITPOINT WARNING * * *
The goblin shoots a sling bullet.
The sling bullet barely misses you.
The sling bullet hits Robin.
You slash Robin!
You kill Robin!
You closely miss the hobgoblin. You block the hobgoblin's attack.
The goblin shoots a sling bullet.
The sling bullet barely misses you.
The sling bullet barely misses the goblin.
You block the goblin's attack. The hobgoblin hits you.
You die...

.. .# .# g# .# ##+##
##g## ##...## #g..#
##.....## #@g######
##.......## ##.#......
#.........####)g..####.#
+.........'.............
#.........###.......##.#
##.......## #.#.....#
##.....## #.###...#
##...## #.# ...# ##'##
#.# ...#


You could see 2 hobgoblins and 3 goblins.

Vanquished Creatures
  Robin (D:2)
  4 goblins (D:2)
  A hobgoblin (D:2)
  A frilled lizard (D:2)
7 creatures vanquished.

Notes
Turn   | Place    | Note
-------+----------+-------------------------------------------
     0 | D:1      | AstroCodex24 the Demigod Fighter began the quest for the
                  | Orb.
     0 | D:1      | Reached XP level 1. HP: 18/18 MP: 3/3
    56 | D:2      | Noticed Robin
    66 | D:2      | Killed Robin
    66 | D:2      | Slain by a hobgoblin

Illustrated notes

Levels and vault maps discovered:
D:1:      dpeg_arrival_connections, layout_loops_ring, kennysheep_minor_cross
D:2:      layout_loops_corners, kennysheep_generic_room_12, uniq_robin

Action                     || total
---------------------------++-------
  Melee: War axe           ||    13
 Armour: Scale mail        ||    20
  Dodge: Dodged            ||    11
  Block: Buckler           ||     8

Table legend: (Time is in decaauts)
 A = Elapsed time spent in this place.
 B = Non-inter-level travel time spent in this place.
 C = Inter-level travel time spent in this place.
 D = Time resting spent in this place.
 E = Time spent auto-exploring this place.
 F = Levels seen in this place.
 G = Mean time per level.
                   A        B        C        D        E       F      G
               +--------+--------+--------+--------+--------+-----+--------+
         Total |     71 |     71 |      0 |      0 |      0 |   2 |   35.5 |
       Dungeon |     71 |     71 |      0 |      0 |      0 |   2 |   35.5 |
               +--------+--------+--------+--------+--------+-----+--------+

Top non-repeatable levels by time:
     D:2: 68 daAuts
     D:1: 3 daAuts
